 Dungeon Crawl Stone Soup version 0.28.0 (webtiles) character file.

Game seed: 1140936650627185517

84 GrayStillPlays the Skirmisher (level 4, -2/37 HPs)
             Began as a Demonspawn Fighter on Feb 13, 2022.
             Slain by a gnoll (5 damage)
             ... on level 3 of the Dungeon.
             The game lasted 00:03:32 (2037 turns).

GrayStillPlays the Skirmisher (Demonspawn Fighter)  Turns: 2037, Time: 00:03:33

Health: -2/37      AC:  9    Str: 19    XL:     4   Next: 23%
Magic:  4/4        EV:  9    Int:  9    God:
Gold:   51         SH:  9    Dex: 12    Spells: 3/3 levels left

rFire   . . .      SeeInvis .   a - +0 war axe {axe}
rCold   . . .      Faith    .   c - +0 buckler
rNeg    . . .      Spirit   .   b - +0 scale mail
rPois   .          Reflect  +   (no helmet)
rElec   .          Harm     .   g - +0 cloak
rCorr   .          Rampage  .   (no gloves)
Will    .....                   e - +0 pair of boots
Stlth   ..........              q - amulet of reflection
HPRegen 0.12/turn               j - ring of flight
MPRegen 0.09/turn               (no ring)

@: flying
A: powered by pain 1
a: no special abilities


You were on level 3 of the Dungeon.
You visited 1 branch of the dungeon, and saw 3 of its levels.

You collected 51 gold pieces.


Innate Abilities, Weirdness & Mutations

You sometimes gain a little power by taking damage.


   Skills:
 + Level 3.8 Fighting
 - Level 1.7 Axes
 + Level 3.4 Armour
 + Level 3.4 Shields


You had 3 spell levels left.
You didn't know any spells.
Your spell library contained the following spells:

 Spells                   Type           Power      Damage    Failure   Level
 Corpse Rot               Necr/Air       0%         N/A       94%         2
 Poisonous Vapours        Pois/Air       0%         N/A       94%         2

Inventory:

Hand Weapons
 a - a +0 war axe (weapon) {axe}
Missiles
 k - 12 sling bullets
 l - 22 arrows
 o - 11 stones (quivered) {throwing}
Armour
 b - a +0 scale mail (worn)
 c - a +0 buckler (worn)
 e - a +0 pair of boots (worn)
   (You found it on level 1 of the Dungeon)
 g - a +0 cloak (worn)
   (You found it on level 1 of the Dungeon)
Jewellery
 j - a ring of flight (left hand)
   (You found it on level 1 of the Dungeon)
 q - an amulet of reflection (around neck)
   (You found it on level 2 of the Dungeon)
Scrolls
 h - a scroll of silence {unknown}
 i - 2 scrolls of enchant weapon {unknown}
 m - a scroll of identify {unknown}
Potions
 f - 3 potions of curing {unknown}
 n - a potion of attraction {unknown}
 p - a potion of invisibility {unknown}
 r - 2 potions of heal wounds {unknown}

Dungeon Overview and Level Annotations

Branches:
Dungeon (3/15)

Altars:

Annotations:
D:2 Sigmund

........#.#..........^..#
'#.######.#.......#..#..#
.#.# #.#..........#..#
K#+######.#.##....?..#..#
.......##.#..+..........#
.......##[..##.......#.)#
.......####)##..........###
.#'##### #.##.............
.#.# #.g#..@.g....# .#.####
##g#.#...g...# .#....#
#.#.#.####K.#
##...g######.#.#..gg...#
#....'....).#.#######.....#
#....######## >....# #....#
.....# #....# .....# #....#
.....#


You could see 2 gnolls and a kobold.


Message History

You now have 37 max hp (+7).
You regained 3 hp, and now have 16/37 hp.
Your mp is fully restored (4).
You block the gnoll's attack.
The gnoll struggles against the net.
You block the gnoll's attack.
Things that are here:
a +0 whip {mace}; a gnoll corpse You hit the gnoll but do no damage.
You barely miss the gnoll. You block the gnoll's attack.
The gnoll struggles against the net.
The gnoll hits you with a +0 halberd.
* * * LOW HITPOINT WARNING * * *
The gnoll hits you with a +0 flail!
* * * LOW HITPOINT WARNING * * *
😱 HP[-9]
You take 9 damage, and now have 7/37 hp.
MASSIVE DAMAGE!! (PAUSE)
The gnoll hits you but does no damage.
The gnoll struggles against the net.
The gnoll struggles against the net.
The net rips apart, and the gnoll comes free!
You barely miss the gnoll. You block the gnoll's attack.
The gnoll barely misses you. 😱 HP[+1]
You completely miss the gnoll. You block the gnoll's attack. x3
You slash the gnoll! You block the gnoll's attack. 😱 HP[+1]
You slash the gnoll!
You kill the gnoll!
You block the gnoll's attack.
The gnoll hits you from afar with a +0 halberd.
* * * LOW HITPOINT WARNING * * *
😱 HP[-6]
You take 6 damage, and now have 3/37 hp.
There is an open door here. 😱 HP[+1]
The gnoll hits you from afar with a +0 halberd.
* * * LOW HITPOINT WARNING * * *
😱 HP[-2]
You take 2 damage, and now have 2/37 hp.
A kobold comes into view. It is wielding a +0 club.
The kobold shouts!
There is an open door here.
The kobold hits you but does no damage.
The kobold throws a stone.
The stone hits you but does no damage. 😱 HP[+1]
You reach down and open the door.
The gnoll barely misses you.
There is an open door here. 😱 HP[+1]
You see here 8 gold pieces. 😱 HP[+1]
The kobold throws a stone.
The stone hits you but does no damage.
The gnoll hits you from afar with a +0 halberd.
* * * LOW HITPOINT WARNING * * *
😱 HP[-1]
You take 1 damage, and now have 4/37 hp.
You block the gnoll's attack.
The kobold throws a stone.
The stone hits you but does no damage.
There is a stone staircase leading up here.
The gnoll barely misses you.
You fly upwards.
Level annotation: Sigmund
There is a stone staircase leading down here. 😱 HP[+1]
You start resting.
You feel a little less mighty now. 😎 HP[+32]
Your hp is fully restored (37).
You fly downwards.
The gnoll hits you with a +0 halberd! The gnoll barely misses you.
The gnoll hits you from afar with a +0 halberd.
There is a stone staircase leading up here. 😮 HP[-12]
You take 12 damage, and now have 25/37 hp.
MASSIVE DAMAGE!! (PAUSE)
You barely miss the gnoll. The gnoll closely misses you.
You block the gnoll's attack.
You hit the gnoll but do no damage. You barely miss the kobold.
The gnoll barely misses you. You block the gnoll's attack.
You block the kobold's attack.
The gnoll hits you with a +0 halberd. 😮 HP[-2]
You take 2 damage, and now have 23/37 hp.
You barely miss the gnoll. You miss the kobold. You block the gnoll's attack.
The kobold hits you but does no damage. The gnoll hits you with a +0 halberd!
* * * LOW HITPOINT WARNING * * *
The gnoll hits you from afar with a +0 halberd!
* * * LOW HITPOINT WARNING * * *
The kobold barely misses you. 😱 HP[-18]
You take 18 damage, and now have 5/37 hp.
MASSIVE DAMAGE!! (PAUSE)
The gnoll hits you from afar with a +0 halberd.
* * * LOW HITPOINT WARNING * * *
The kobold throws a stone.
The stone barely misses you. 😱 HP[-4]
You take 4 damage, and now have 1/37 hp. 😱 HP[+1]
Found a stone staircase leading down. 😱 HP[+1]
There is a stone staircase leading up, spattered with blood here.
The gnoll hits you from afar with a +0 halberd.
You die...

Skill      XL: |  1  2 |
---------------+-------+-----
Shields        | 3 |  3.4
Armour         | 3 |  3.4
Fighting       | |  3.8
Axes           | |  1.7

Action                   |  1- 3 |  4- 6 || total
-------------------------+-------+-------++-------
Melee: War axe           |   136 |     8 ||   144
  Use: Potion            |     1 |       ||     1
Armor: Scale mail        |    86 |     6 ||    92
Dodge: Dodged            |    65 |     8 ||    73
Block: Buckler           |    36 |    14 ||    50
       Reflection        |     1 |       ||     1

Levels and vault maps discovered:
D:1:      minmay_arrival_nine_rooms, layout_loops_ring,
          hellmonk_ecumenical_altar_arch_garden
D:2:      layout_basic, basic_altar, uniq_sigmund
D:3:      layout_basic, chequers_temple_overflow_statue_of_worship

Notes
Turn   | Place    | Note
-------+----------+-------------------------------------------
     0 | D:1      | GrayStillPlays the Demonspawn Fighter began the quest for
                  | the Orb.
     0 | D:1      | Reached XP level 1. HP: 18/18 MP: 1/1
     0 | D:1      | magus.rc [v1.9.6]
   131 | D:1      | You pick up a book of Vapours and begin reading...
   131 | D:1      | You add the spells Poisonous Vapours and Corpse Rot to your
                  | library.
   395 | D:1      | Gained mutation: You sometimes gain a little power by
                  | taking damage. [demonic ancestry]
   395 | D:1      | Reached XP level 2. HP: 24/24 MP: 2/2
   405 | D:1      | Reached skill level 3 in Shields
   406 | D:1      | Reached skill level 3 in Armour
   731 | D:1      | Reached XP level 3. HP: 29/29 MP: 3/3
   855 | D:1      | Found a faded altar of an unknown god.
  1552 | D:2      | Noticed Sigmund
  1701 | D:3      | Reached XP level 4. HP: 16/37 MP: 4/4
  1702 | D:3      | HP: 7/37 [gnoll (8)]
  1713 | D:3      | HP: 3/37 [gnoll (6)]
  1722 | D:3      | HP: 2/37 [gnoll (2)]
  1748 | D:3      | HP: 4/37 [gnoll (1)]
  2024 | D:3      | HP: 5/37 [gnoll (9)]
  2025 | D:3      | HP: 1/37 [gnoll (4)]
  2037 | D:3      | Slain by a gnoll

Vanquished Creatures
  3 gnolls
  A worm (D:2)
  A dart slug (D:2)
  5 ball pythons (D:1)
  4 endoplasms
  3 giant cockroaches (D:1)
  4 hobgoblins
  4 jackals (D:1)
  3 kobolds (D:1)
  3 quokkas
  4 bats
  4 frilled lizards (D:1)
  4 goblins (D:1)
  3 rats
46 creatures vanquished.

Table legend:
 A = Non-vault XP
 B = Vault XP
 C = Vault XP percentage of total XP
 D = Non-vault monster count
 E = Vault monster count
 F = Vault count percentage of total count
                 A         B        C        D         E       F
            +---------+---------+-------+---------+---------+-------
      Total |     120 |       0 |   0.0 |      46 |       0 |   0.0
            +---------+---------+-------+---------+---------+-------
        D:1 |      69 |       0 |   0.0 |      34 |       0 |   0.0
        D:2 |      23 |       0 |   0.0 |      10 |       0 |   0.0
        D:3 |      28 |       0 |   0.0 |       2 |       0 |   0.0
            +---------+---------+-------+---------+---------+-------

Illustrated notes

Table legend:
 A = Kills in this place as a percentage of kills in entire the game.
 B = Kills by you in this place as a percentage of kills by you in the entire game.
 C = Kills by friends in this place as a percentage of kills by friends in the entire game.
 D = Other kills in this place as a percentage of other kills in the entire game.
 E = Experience gained in this place as a percentage of experience gained in the entire game.
 F = Experience gained in this place divided by the number of levels of this place that you have seen.
                   A       B       C       D       E      F
               +-------+-------+-------+-------+-------+----------------------
         Total | 100.0 | 100.0 |   N/A |   N/A | 100.0 |  40.0
       Dungeon | 100.0 | 100.0 |   N/A |   N/A | 100.0 |  40.0
               +-------+-------+-------+-------+-------+----------------------

Table legend: (Time is in decaauts)
 A = Elapsed time spent in this place.
 B = Non-inter-level travel time spent in this place.
 C = Inter-level travel time spent in this place.
 D = Time resting spent in this place.
 E = Time spent auto-exploring this place.
 F = Levels seen in this place.
 G = Mean time per level.
                   A        B        C        D        E       F      G
               +--------+--------+--------+--------+--------+-----+--------+
         Total |   2103 |   2019 |     84 |    265 |   1271 |   3 |  701.0 |
       Dungeon |   2103 |   2019 |     84 |    265 |   1271 |   3 |  701.0 |
               +--------+--------+--------+--------+--------+-----+--------+

Top non-repeatable levels by time:
     D:1: 1338 daAuts
     D:2: 610 daAuts
     D:3: 154 daAuts
